 Dungeon Crawl Stone Soup version 0.31.0-12-g77e489cdc1 (webtiles) character file.

Game seed: 13313010118778001023

2086 Silvore the Cleaver (level 9, -8/79 HPs)
             Began as a Minotaur Fighter on Feb 22, 2024.
             Was a Believer of Okawaru.
             Mangled by an orange demon (11 damage)
             ... led by Amaemon
             ... on level 8 of the Dungeon.
             The game lasted 00:06:26 (7757 turns).

Silvore the Cleaver (Minotaur Fighter)              Turns: 7757, Time: 00:06:26

Health: -8/79      AC: 12    Str: 25    XL:     9   Next: 6%
Magic:  8/8        EV:  9    Int:  5    God:    Okawaru [**....]
Gold:   454        SH:  5    Dex: 10    Spells: 8/8 levels left

rFire   . . .        a - +1 war axe
rCold   . . .        c - +0 buckler
rNeg    . . .        j - +0 chain mail
rPois   .            h - +0 hat
rElec   .            u - +0 cloak
rCorr   .            (no gloves)
SInv    .            (no boots)
Will    .....        (no amulet) Stlth
                     (no ring)
HPRegen 0.33/turn    (no ring)
MPRegen 0.11/turn

%: no passive effects
@: mighty, lethally poisoned (-8 -> -31)
A: horns 2, retaliatory headbutt
a: Renounce Religion, Heroism


You were on level 8 of the Dungeon.
You worshipped Okawaru.
Okawaru was pleased with you.
You visited 2 branches of the dungeon, and saw 9 of its levels.

You collected 454 gold pieces.

Inventory:

Hand Weapons
 a - a +1 war axe (weapon)
Armour
 b - a +0 scale mail
 c - a +0 buckler (worn)
 h - a +0 hat (worn)
 j - a +0 chain mail (worn)
 u - a +0 cloak (worn)
Jewellery
 f - a ring of fire
 i - an amulet of guardian spirit
 p - a +4 ring of slaying
Wands
 d - a wand of roots (4)
 l - a wand of digging (3)
 s - a wand of polymorph (2)
Scrolls
 m - 3 scrolls of vulnerability
 n - 3 scrolls of identify
Potions
 e - a potion of magic
 g - a potion of lignification
 k - 2 potions of attraction
 o - a potion of mutation


   Skills:
 + Level 7.0 Fighting
 + Level 9.2 Axes
 + Level 8.4 Armour
 + Level 2.6 Dodging
 + Level 0.7 Stealth
 + Level 5.6 Shields


You had 8 spell levels left.
You didn't know any spells.
Your spell library contained the following spells:

 Spells                   Type           Power      Damage    Failure   Level
 Sting                    Conj/Alch      0%         1d3       95%         1
 Mercury Vapours          Alch/Air       0%         N/A       99%         2
 Anguish                  Hex/Necr       0%         N/A       100%        4
 Cause Fear               Hex            0%         N/A       100%        4
 Olgreb's Toxic Radiance  Alch           0%         N/A       100%        4
 Enfeeble                 Hex            0%         N/A       100%        7


Dungeon Overview and Level Annotations

Branches:
Dungeon (8/15)             Temple (1/1) D:5
   Lair: D:8-11

Altars:
Cheibriados
Dithmenos
Gozag
Hepliaklqana
Kikubaaqudgha
Makhleb
Okawaru
Sif Muna
Trog
Uskayaw
Vehumet
Wu Jian
Xom
Yredelemnul
Zin

Annotations:
D:8 Amaemon


Innate Abilities, Weirdness & Mutations

You have a pair of horns on your head.
You reflexively headbutt those who attack you in melee.


Message History

Amaemon claws you but does no damage. You block Amaemon's attack.
The orange demon barely misses you.
You feel better.
Amaemon hits you with a +0 demon whip of venom.
* * * LOW HITPOINT WARNING * * *
You are poisoned.
You block Amaemon's attack. Amaemon tail-slaps you.
* * * LOW HITPOINT WARNING * * *
You are lethally poisoned!
Amaemon poisons you!
The orange demon stings you but does no damage.
You barely miss Amaemon.
Amaemon is severely wounded.
You hit the scorpion.
* * * LOW HITPOINT WARNING * * *
You feel extremely sick. You block the orange demon's attack.
The scorpion stings you but does no damage.
Amaemon points at the orange demon and mumbles some strange words.
The orange demon's venom grows more potent.
You closely miss Amaemon. You headbutt Amaemon!
Amaemon is severely wounded.
You closely miss the scorpion.
* * * LOW HITPOINT WARNING * * *
You feel very sick. The scorpion closely misses you.
You block Amaemon's attack. Amaemon claws you but does no damage.
Amaemon barely misses you. The orange demon stings you from afar.
* * * LOW HITPOINT WARNING * * *
The scorpion stings you but does no damage.
You closely miss Amaemon. Your headbutt misses Amaemon.
Amaemon is severely wounded.
You completely miss the scorpion.
* * * LOW HITPOINT WARNING * * *
You feel very sick. Amaemon hits you but does no damage.
You are more poisoned.
Amaemon claws you but does no damage. Amaemon closely misses you.
The orange demon stings you from afar!
You die...

.# #.# . #.# #. #.#
#.## #.# #... #.# #...
#.# ###...##.###
..###.....#####.###
#.#.##..4s@.......
..#####.###...6####.##.
..4..6......##.#
#.#####.####.#.# #.#
...# #.# ...# #.. ....#
..$ .(...# ### .....##


You could see Amaemon, an orange demon (curare) and a scorpion (summoned).

Vanquished Creatures
  A gargoyle (D:6)
  Edmund (D:5)
  An ogre (D:4)
  2 centaurs
  2 phantoms (D:6)
  3 bullfrogs (D:7)
  3 wights (D:7)
  4 killer bees (D:7)
  A hound (D:5)
  A gnoll bouda (D:6)
  2 orc priests (D:4)
  2 jellies
  A sleepcap (D:4)
  5 iguanas
  4 orc wizards
  12 gnolls
  5 adders
  3 white imps
  8 ufetubi
  2 dart slugs
  A ribbon worm (D:5)
  28 orcs
  4 endoplasms
  A giant cockroach (D:1)
  3 goblins
  4 hobgoblins
  2 jackals (D:2)
  5 quokkas
  8 ball pythons
  4 bats
  5 frilled lizards
  5 kobolds
  7 rats
140 creatures vanquished.

Vanquished Creatures (others)
  An arcanist (D:6)
1 creature vanquished.

Grand Total: 141 creatures vanquished

Notes
Turn   | Place    | Note
-------+----------+-------------------------------------------
     0 | D:1      | Silvore the Minotaur Fighter began the quest for the Orb.
     0 | D:1      | Reached XP level 1. HP: 19/19 MP: 0/0
   323 | D:1      | Reached XP level 2. HP: 23/27 MP: 1/1
  1569 | D:3      | Found a glowing silver altar of Zin.
  1596 | D:3      | Reached XP level 3. HP: 29/33 MP: 2/2
  1599 | D:3      | Reached skill level 3 in Axes
  1748 | D:3      | Found a hazy altar of Hepliaklqana.
  1774 | D:3      | Reached XP level 4. HP: 36/40 MP: 3/3
  2036 | D:3      | Reached XP level 5. HP: 45/47 MP: 4/4
  2125 | D:3      | Found an opulent altar of Gozag.
  2532 | D:4      | Reached skill level 1 in Dodging
  2563 | D:4      | Reached skill level 4 in Axes
  2563 | D:4      | Reached skill level 5 in Armour
  2856 | D:4      | Reached XP level 6. HP: 31/53 MP: 5/5
  3064 | D:4      | Reached skill level 5 in Axes
  3681 | D:4      | Reached skill level 6 in Axes
  4251 | D:5      | Entered Level 5 of the Dungeon
  4339 | D:5      | Reached skill level 5 in Fighting
  4521 | D:5      | Noticed Edmund
  4534 | D:5      | Killed Edmund
  4535 | D:5      | Reached XP level 7. HP: 33/58 MP: 6/6
  4688 | D:5      | Found a staircase to the Ecumenical Temple.
  4705 | Temple   | Entered the Ecumenical Temple
  4730 | Temple   | Became a worshipper of Warmaster Okawaru
  4946 | D:5      | You fall into a shaft and drop 2 floors!
  5234 | D:7      | Reached skill level 7 in Axes
  5234 | D:7      | Reached skill level 5 in Shields
  5246 | D:7      | Reached * piety under Okawaru
  5265 | D:7      | Reached XP level 8. HP: 37/70 MP: 7/7
  5491 | D:7      | Found a shadowy altar of Dithmenos.
  5890 | D:6      | Noticed a gargoyle
  6546 | D:5      | Reached skill level 8 in Axes
  6879 | D:6      | Found a bloodstained altar of Trog.
  6880 | D:6      | Noticed a wizard
  6885 | D:6      | Killed a wizard
  6936 | D:6      | Killed a gargoyle
  6997 | D:6      | Reached skill level 9 in Axes
  7297 | D:7      | Reached ** piety under Okawaru
  7298 | D:7      | Reached XP level 9. HP: 74/78 MP: 8/8
  7625 | D:7      | Found a hide-covered altar of Uskayaw.
  7713 | D:8      | Noticed Amaemon
  7713 | D:8      | Noticed an orange demon
  7757 | D:8      | HP: 3/79 [poisoned by Amaemon]
  7757 | D:8      | Mangled by an orange demon

Illustrated notes

Levels and vault maps discovered:
D:1:      dpeg_arrival_arbitrary_a, layout_basic
D:2:      layout_basic, kennysheep_generic_room_11
D:3:      layout_basic, mainiacjoe_overflow_alcove_2,
          nicolae_hepliaklqana_hazy_memory, mainiacjoe_overflow_catwalk
D:4:      layout_layer_cave, minmay_box_of_dots
D:5:      layout_loops_corners, minmay_temple_entry_grid, uniq_edmund
D:6:      layout_cave_pools, trog_wizard
D:7:      layout_loops_corners, nicolae_uskayaw_suspiria, grunt_dithmenos_smoke
D:8:      layout_loops_ring, kennysheep_mini_moat, minivault_23, uniq_gastronok,
          uniq_amaemon, uniq_erica
Temple:   hellmonk_temple_beads

Skill      XL: |  1  2  3  4  5  6  7  8  9 |
---------------+----------------------------+-----
Fighting       | 4 5 6 7 |  7.0
Shields        | 4 5 |  5.6
Armour         | 4 5 6 8 |  8.4
Axes           | 3 4 6 7 9 |  9.2
Dodging        | 1 2 |  2.6
Stealth        | |  0.7

Action                     |  1- 3 |  4- 6 |  7- 9 || total
---------------------------+-------+-------+-------++-------
  Melee: War axe           |    60 |   156 |   161 ||   377
         Headbutt          |     4 |    25 |    24 ||    53
    Use: Scroll            |     4 |     3 |     5 ||    12
         Potion            |       |     2 |     8 ||    10
 Armour: Scale mail        |    56 |    35 |       ||    91
         Chain mail        |       |   107 |   281 ||   388
  Dodge: Dodged            |    49 |    56 |   107 ||   212
  Block: Buckler           |    23 |    29 |    77 ||   129
